 Dungeon Crawl Stone Soup version 0.32-a0-675-gdc239d62e1 (webtiles) character file.

Game seed: 8633377438938809754

1255 TheMeInTeam the Trooper (level 8, -2/67 HPs)
             Began as a Coglin Delver on Mar 11, 2024.
             Was a Priest of Beogh.
             Killed from afar by Orgrim the orc apostle (18 damage)
             ... with a zap
             ... on level 6 of the Dungeon.
             The game lasted 00:17:54 (5333 turns).

TheMeInTeam the Trooper (Coglin Delver)             Turns: 5333, Time: 00:17:54

Health: -2/67      AC:  5    Str: 11 (12) XL:     8   Next: 51%
Magic:  10/10      EV: 12    Int:  8 (10) God:    Beogh [***...]
Gold:   332        SH:  0    Dex: 17 (20) Spells: 7/7 levels left

rFire   . . .        n - +0 short sword (protect) {Chinhae}
rCold   . . .        i - +0 short sword {Cortez}
rNeg    . . .        v - +1 leather armour of the Teacher {Rampage rPois Dex+2}
rPois   +            (no helmet)
rElec   .            (no cloak)
rCorr   .            (no gloves)
SInv    .            b - +0 pair of boots
Will    .....        (amulet unavailable)
Stlth   +++          (ring unavailable)
HPRegen 0.31/turn    (ring unavailable)
MPRegen 0.12/turn    (no gizmo)

%: rampage
@: revving
A: off-hand wielding, slow wielding, warmup strikes, no jewellery
a: Invent Gizmo, Renounce Religion, Smiting


You were on level 6 of the Dungeon.
You worshipped Beogh.
Beogh was most pleased with you.
You visited 1 branch of the dungeon, and saw 6 of its levels.

You collected 332 gold pieces.

Inventory:

Hand Weapons
 i - a +0 short sword (offhand) {Cortez}
 n - a +0 short sword of protection (weapon) {Chinhae}
Missiles
 x - 3 poisoned darts (quivered)
Armour
 b - a +0 pair of boots (worn)
 p - a +3 leather armour
 q - a +3 scale mail of cold resistance
 v - the +1 leather armour of the Teacher (worn) {Rampage rPois Dex+2}
   (You found it on level 4 of the Dungeon)

   Dex+2:     It affects your dexterity (+2).
   rPois:     It protects you from poison.
   Rampage:   It bestows one free step when moving towards enemies.
Wands
 f - a wand of polymorph (7)
 g - a wand of digging (2)
Scrolls
 a - a scroll of blinking {unknown}
 c - a scroll of fog
 d - a scroll of revelation
 e - 5 scrolls of fear
 h - a scroll of torment {unknown}
 j - a scroll of immolation {unknown}
 k - a scroll of silence {unknown}
 t - a scroll of vulnerability {unknown}
 u - a scroll of enchant weapon {unknown}
Potions
 l - a potion of cancellation
 s - a potion of ambrosia
 w - 2 potions of magic


   Skills:
 * Level 7.1 Fighting
 * Level 6.1 Short Blades
 - Level 1.7 Dodging
 - Level 4.1 Stealth
 + Level 3.0 Invocations


You had 7 spell levels left.
You didn't know any spells.
Your spell library contained the following spells:

 Spells                   Type           Power      Damage    Failure   Level
 Kiss of Death            Conj/Necr      0%         2d5       50%         1
 Sandblast                Erth           0%         2d4       50%         1
 Ensorcelled Hibernation  Hex/Ice        0%         N/A       65%         2
 Confusing Touch          Hex            0%         N/A       86%         3
 Passwall                 Erth           0%         N/A       86%         3
 Stone Arrow              Conj/Erth      0%         3d7       86%         3
 Swiftness                Air            0%         N/A       86%         3
 Volatile Blastmotes      Fire/Tloc      0%         2d10      86%         3
 Brom's Barrelling Bould  Conj/Erth      0%         2d3       99%         4
 Dispel Undead            Necr           0%         3d6       99%         4
 Fulminant Prism          Conj/Alch      0%         3d5       99%         4
 Iskenderun's Mystic Bla  Conj/Tloc      0%         2d3       99%         4


Dungeon Overview and Level Annotations

Branches:
Dungeon (6/15)             Temple (0/1) D:5

Altars:
Fedhas
Okawaru

Shops:
D:2 (   D:4 :

Annotations:
D:5 Menkaure


Innate Abilities, Weirdness & Mutations

Your facial features look somewhat orcish.
You can wield a second weapon in your off-hand.
It takes a long time for you to wield or remove held weapons.
Your first few attacks do less damage.
You cannot equip rings or amulets.


Message History

The gnoll bouda misses you.
You hit the gnoll bouda with your +0 short sword of protection.
The gnoll bouda is moderately wounded.
You barely miss the gnoll bouda with your +0 short sword.
The gnoll bouda barely misses you.
You hit the gnoll bouda with your +0 short sword.
The gnoll bouda is moderately wounded.
You closely miss the gnoll bouda with your +0 short sword of protection.
You hit the gnoll bouda but do no damage.
The gnoll bouda is moderately wounded.
You hit the gnoll bouda but do no damage.
The gnoll bouda hits you with a +0 club.
You hit the gnoll bouda with your +0 short sword of protection.
The gnoll bouda is heavily wounded.
You hit the gnoll bouda with your +0 short sword.
The gnoll bouda hits you but does no damage.
You hit the gnoll bouda but do no damage.
The gnoll bouda is severely wounded.
You hit the gnoll bouda with your +0 short sword of protection.
You hit the gnoll bouda with your +0 short sword.
You kill the gnoll bouda!
Beogh accepts your kill.
Beogh appreciates your killing of a heretic priest.
Your Invocations skill increases to level 3!
No target in view!
You now have 332 gold pieces (gained 11).
Things that are here:
a +0 club; a +0 leather armour; a gnoll corpse
There is a stone staircase leading down here.
You climb downwards.
The gnoll barely misses you. x2
There is a stone staircase leading up here.
A gnoll is nearby!
You rampage towards the gnoll!
You closely miss the gnoll with your +0 short sword of protection.
You hit the gnoll with your +0 short sword.
You closely miss the gnoll with your +0 short sword of protection.
The gnoll is moderately wounded.
You barely miss the gnoll with your +0 short sword.
The gnoll misses you. The gnoll hits you with a +0 flail!
You barely miss the gnoll with your +0 short sword of protection.
The gnoll is moderately wounded.
You barely miss the gnoll with your +0 short sword.
The gnoll barely misses you. x2
You hit the gnoll with your +0 short sword.
The gnoll is moderately wounded.
You hit the gnoll with your +0 short sword of protection.
Your weapon exudes an aura of protection.
You hit the gnoll with your +0 short sword of protection.
The gnoll is severely wounded.
You hit the gnoll but do no damage. The gnoll hits you with a +0 halberd.
The gnoll hits you with a +0 flail.
You hit the gnoll with your +0 short sword of protection.
You kill the gnoll!
Beogh accepts your kill. The gnoll closely misses you.
You closely miss the gnoll with your +0 short sword.
You hit the gnoll with your +0 short sword of protection.
You closely miss the gnoll with your +0 short sword of protection.
The gnoll is lightly wounded.
You hit the gnoll but do no damage. The gnoll closely misses you.
You hit the gnoll with your +0 short sword of protection.
The gnoll is moderately wounded.
You hit the gnoll but do no damage. The gnoll closely misses you.
You hit the gnoll with your +0 short sword of protection.
The gnoll is almost dead.
You hit the gnoll with your +0 short sword.
You kill the gnoll!
Beogh accepts your kill.
No target in view!
No target in view!
Beogh speaks to you: Screw your courage to the sticking place, and face a challenge.
Fight to survive!
In the great war, all will be orcs!
Found a scroll of identify.
y - a scroll of identify
As you read the scroll of identify, it crumbles to dust.
w - 2 potions of magic
Okay, then.
Orgrim the orc apostle comes into view.
She is wielding a +3 dagger of venom.
Okay, then.
Press: ? - help, v - describe, . - travel
Here: Orgrim the orc apostle, wielding a +3 dagger of venom and wearing a +2 robe (empowered by the touch of Beogh)
The floor.
Okay, then.
Okay, then.
Okay, then.
You hit Orgrim but do no damage.
You closely miss Orgrim with your +0 short sword of protection.
You hit Orgrim but do no damage. x2
Your weapon exudes an aura of protection.
Orgrim points at you and mumbles some strange words.
The blast of sand hits you!
You barely miss Orgrim with your +0 short sword.
You hit Orgrim but do no damage.
Press: ? - help, v - describe, . - travel
Here: Orgrim the orc apostle, wielding a +3 dagger of venom and wearing a +2 robe (empowered by the touch of Beogh)
The floor.
You hit Orgrim but do no damage.
You closely miss Orgrim with your +0 short sword of protection.
Orgrim hits you with a +3 dagger of venom!
You hit Orgrim but do no damage. x2
Orgrim points at you and mumbles some strange words.
The blast of sand hits you!!
You feel much better.
Orgrim sings a few bars from the Orcish anthem.
Orgrim attacks as she pursues you!
Orgrim hits you with a +3 dagger of venom.
You are poisoned.
You feel better. Orgrim hits you but does no damage.
It was a potion of degeneration.
There was something very wrong with that liquid.
You feel weakened.
You feel dopey.
You feel clumsy. Orgrim barely misses you.
You miss Orgrim with your +0 short sword.
You closely miss Orgrim with your +0 short sword of protection.
Orgrim barely misses you.
You hit Orgrim but do no damage.
Your weapon exudes an aura of protection.
You closely miss Orgrim with your +0 short sword.
You barely miss Orgrim with your +0 short sword.
You completely miss Orgrim with your +0 short sword of protection.
Orgrim casts a spell at you. The blast of sand hits you!
You hit Orgrim but do no damage.
You hit Orgrim with your +0 short sword.
You hit Orgrim but do no damage.
Orgrim is lightly wounded.
You hit Orgrim with your +0 short sword of protection.
Orgrim points at you and mumbles some strange words.
The zap misses you.
You completely miss Orgrim with your +0 short sword.
Orgrim is lightly wounded.
You hit Orgrim with your +0 short sword of protection.
Orgrim points at you and mumbles some strange words.
The zap hits you!!
* * * LOW HITPOINT WARNING * * *
You feel much better. Orgrim closely misses you.
You hit Orgrim but do no damage.
Orgrim is lightly wounded.
You completely miss Orgrim with your +0 short sword of protection.
You miss Orgrim with your +0 short sword.
Orgrim is lightly wounded.
You hit Orgrim with your +0 short sword of protection.
Orgrim points at you and mumbles some strange words.
The blast of sand hits you but does no damage.
You completely miss Orgrim with your +0 short sword.
Orgrim is lightly wounded.
You hit Orgrim with your +0 short sword of protection.
You hit Orgrim but do no damage.
Orgrim is lightly wounded.
You miss Orgrim with your +0 short sword.
Orgrim hits you but does no damage.
You are poisoned.
You hit Orgrim with your +0 short sword of protection.
Orgrim is moderately wounded.
You hit Orgrim but do no damage.
You feel sick. Orgrim closely misses you.
You miss Orgrim with your +0 short sword.
Orgrim is lightly wounded.
You hit Orgrim but do no damage. You hit Orgrim but do no damage.
Orgrim is lightly wounded.
You barely miss Orgrim with your +0 short sword of protection.
You feel sick. Orgrim gestures at you while chanting. The zap hits you.
You hit Orgrim but do no damage.
Orgrim is lightly wounded.
You miss Orgrim with your +0 short sword of protection.
You feel sick.
Orgrim points at you and mumbles some strange words.
The blast of sand misses you.
You hit Orgrim with your +0 short sword of protection.
Orgrim is lightly wounded.
You hit Orgrim with your +0 short sword.
You miss Orgrim with your +0 short sword of protection.
Orgrim is moderately wounded.
You hit Orgrim but do no damage.
You feel sick.
Orgrim hits you with a +3 dagger of venom.
You barely miss Orgrim with your +0 short sword of protection.
Orgrim is lightly wounded.
You hit Orgrim but do no damage.
You feel sick.
You barely miss Orgrim with your +0 short sword of protection.
Orgrim is lightly wounded.
You hit Orgrim but do no damage.
You feel sick.
You are no longer poisoned.
Orgrim casts a spell at you. The blast of sand hits you!
* * * LOW HITPOINT WARNING * * *
You feel better.
Orgrim points at you and mumbles some strange words.
The blast of sand hits you!
* * * LOW HITPOINT WARNING * * *
You feel better.
You feel better.
Orgrim points at you and mumbles some strange words.
The blast of sand hits you!
* * * LOW HITPOINT WARNING * * *
You feel better. Orgrim casts a spell at you. The zap hits you!!
You die...
Beogh appreciates Orgrim's killing of a heretic priest.

..# ... ♣.. #.# #.♣♣.
♣♣.## #.# ##.♣.. ♣...#
###.#########..♣.. ♣._.g
#..............♣..♣♣...g
#.#.#########..♣♣..♣♣..#
#.#... .#<....♣♣..♣..#
#.#######.#.###.♣♣..♣♣.#
#......@o.#))....♣..♣♣.#
##############...♣♣..♣.#
###.....÷.# ###.#..##
#...... #######


You could see Orgrim the orc apostle (divinely empowered).

Vanquished Creatures
  Edmund (D:5)
  A water moccasin (D:6)
  A black bear (D:5)
  A centaur (D:4)
  2 phantoms (D:4)
  A bullfrog (D:6)
  2 scorpions
  2 howler monkeys
  A jelly (D:5)
  2 bombardier beetles (D:5)
  2 orc priests (D:4)
  A gnoll bouda (D:5)
  A sleepcap (D:5)
  An orc wizard (D:4)
  An iguana (D:4)
  5 gnolls
  6 adders
  3 ribbon worms
  2 dart slugs
  8 orcs
  7 bats
  5 endoplasms
  3 giant cockroaches
  5 hobgoblins
  8 jackals
  A quokka (D:4)
  7 ball pythons
  2 frilled lizards
  6 goblins
  8 kobolds
  5 rats
101 creatures vanquished.

Notes
Turn   | Place    | Note
-------+----------+-------------------------------------------
     0 | D:5      | TheMeInTeam the Coglin Delver began the quest for the Orb.
     0 | D:5      | Reached XP level 1. HP: 18/18 MP: 1/1
    14 | D:5      | Noticed a howler monkey
    17 | D:5      | Noticed an orc priest
    19 | D:5      | Became a worshipper of Beogh the Shepherd
    36 | D:5      | Noticed a jelly
   108 | D:4      | Noticed an orc priest
   108 | D:4      | Noticed an orc priest
   135 | D:4      | Found Heabroz's Tremendous Tomes.
   188 | D:4      | Noticed a centaur
   256 | D:4      | Noticed a phantom
   312 | D:3      | Reached XP level 2. HP: 23/24 MP: 2/2
   652 | D:2      | Reached XP level 3. HP: 29/29 MP: 3/3
   851 | D:2      | Reached * piety under Beogh
  1578 | D:2      | Reached skill level 4 in Fighting
  1578 | D:2      | Reached XP level 4. HP: 37/37 MP: 4/4
  1610 | D:2      | Found Nafrex's Antique Weapon Shop.
  2157 | D:3      | Reached ** piety under Beogh
  2187 | D:3      | Found a faded altar of an unknown god.
  2224 | D:3      | Reached XP level 5. HP: 43/43 MP: 5/5
  2506 | D:4      | Killed a phantom
  2746 | D:4      | Reached skill level 5 in Fighting
  2746 | D:4      | Reached skill level 1 in Invocations
  2746 | D:4      | Reached XP level 6. HP: 45/51 MP: 6/6
  2836 | D:4      | Identified the +1 leather armour of the Teacher {Rampage
                  | rPois Dex+2}
  3286 | D:4      | Reached XP level 7. HP: 25/56 MP: 8/8
  3928 | D:5      | Reached skill level 6 in Fighting
  3928 | D:5      | Reached skill level 5 in Short Blades
  4042 | D:5      | Found a blossoming altar of Fedhas.
  4118 | D:5      | Noticed Edmund
  4401 | D:5      | Noticed Menkaure
  4473 | D:5      | Killed Edmund
  4474 | D:5      | Reached XP level 8. HP: 57/65 MP: 9/9
  4525 | D:5      | Found a staircase to the Ecumenical Temple.
  4938 | D:6      | Found an iron altar of Okawaru.
  4983 | D:6      | Reached skill level 7 in Fighting
  5246 | D:5      | Reached *** piety under Beogh
  5301 | D:6      | Noticed Orgrim
  5333 | D:6      | Killed from afar by Orgrim the orc apostle

Illustrated notes

Levels and vault maps discovered:
D:1:      ncdulo_lavacross, layout_loops_cross, minivault_24
D:2:      layout_basic, serial_shops, shop_fountains, hangedman_feature_mirror,
          serial_park_tiny_pond, st_stairs_13, minmay_fractal_squares_5
D:3:      layout_rooms, basic_ecumenical_altar, minivault_5
D:4:      layout_basic, nicolae_shop_i_like_big_books, st_stairs_4,
          nicolae_figureground_sparkle
D:5:      layout_gridville, fedhas_altar_1, temple_statues, uniq_edmund,
          uniq_menkaure
D:6:      layout_basic, yredelemnul_forgotten_temple_becter,
          mainiacjoe_overflow_catch_the_wave,
          serial_library_hellmonk_open_square, chequers_serial_rivers_micro_e,
          kennysheep_generic_room_6

Skill      XL: |  1  2  3  4  5  6  7  8 |
---------------+-------------------------+-----
Short Blades   | 2 3 4 5 6 |  6.1
Fighting       | 4 5 6 7 |  7.1
Invocations    | 1 2 3 |  3.0
Dodging        | |  1.7
Stealth        | |  4.1

Action                     |  1- 3 |  4- 6 |  7- 9 || total
---------------------------+-------+-------+-------++-------
  Melee: Short sword       |   164 |   205 |   297 ||   666
         Dagger            |    16 |       |       ||    16
  Throw: Dart              |     3 |     4 |    15 ||    22
 Invoke: Convert to Beogh  |     1 |       |       ||     1
  Evoke: Wand              |     1 |       |       ||     1
    Use: Scroll            |     2 |     4 |     1 ||     7
         Potion            |       |     1 |    10 ||    11
   Stab: Sleeping          |    11 |     3 |     2 ||    16
         Distracted        |       |       |     2 ||     2
 Armour: Leather armour    |    35 |    51 |    68 ||   154
  Dodge: Dodged            |    48 |    43 |    56 ||   147

Table legend: (Time is in decaauts)
 A = Elapsed time spent in this place.
 B = Non-inter-level travel time spent in this place.
 C = Inter-level travel time spent in this place.
 D = Time resting spent in this place.
 E = Time spent auto-exploring this place.
 F = Levels seen in this place.
 G = Mean time per level.
                   A        B        C        D        E       F      G
               +--------+--------+--------+--------+--------+-----+--------+
         Total |   5250 |   4894 |    356 |    344 |   2699 |   6 |  875.0 |
       Dungeon |   5250 |   4894 |    356 |    344 |   2699 |   6 |  875.0 |
               +--------+--------+--------+--------+--------+-----+--------+

Top non-repeatable levels by time:
     D:4: 1536 daAuts
     D:5: 1069 daAuts
     D:2: 839 daAuts
     D:3: 716 daAuts
     D:1: 684 daAuts
     D:6: 404 daAuts
